 Dungeon Crawl Stone Soup version 0.29.1-1-gd02db6906a (webtiles) character file.

Game seed: 1891916824888961312

1526 croobank the Caller (level 8, -3/54 HPs)
             Began as an Octopode Summoner on Sept 30, 2022.
             Succumbed to Duvessa's poison
             ... on level 6 of the Dungeon.
             The game lasted 00:33:32 (6996 turns).

croobank the Caller (Octopode Summoner)             Turns: 6996, Time: 00:33:33

Health: -3/54      AC:  1    Str:  7    XL:     8   Next: 85%
Magic:  5/14       EV: 14    Int: 19    God:
Gold:   161        SH:  0    Dex: 13    Spells: 3/16 levels left

rFire   . . .      SeeInvis .   a - +1 war axe
rCold   . . .      Faith    .   (no shield)
rNeg    . . .      Spirit   .   (helmet restricted)
rPois   .          Reflect  .   (no amulet)
rElec   .          Harm     .   (no ring)
rCorr   .          Rampage  .   (no ring)
Will    .....                   (no ring)
Stlth   +++.......              (no ring)
HPRegen 0.18/turn               (no ring)
MPRegen 0.14/turn               (no ring)
                                (no ring)
                                (no ring)

@: lethally poisoned (-3 -> -20), attractive
A: almost no armour, amphibious, 8 rings, camouflage 1, gelatinous body 1,
(nimble swimmer 1), tentacles
a: no special abilities


You were on level 6 of the Dungeon.
You visited 1 branch of the dungeon, and saw 6 of its levels.

You collected 161 gold pieces.

Inventory:

Hand Weapons
 a - a +1 war axe (weapon)
 p - a +1 dagger of speed
Missiles
 o - 19 poisoned darts
Wands
 q - a wand of flame (6)
Scrolls
 d - a scroll of immolation
 k - 3 scrolls of amnesia
 m - 2 scrolls of blinking
Potions
 b - a potion of mutation
 c - 2 potions of attraction
 e - a potion of ambrosia {unknown}
 f - a potion of degeneration {unknown}
 g - 3 potions of heal wounds
 h - 5 potions of curing {unknown}
 l - a potion of lignification {unknown}
 n - 2 potions of cancellation {unknown}


   Skills:
 + Level 3.9 Fighting
 + Level 5.0 Dodging
 - Level 3.8 Stealth
 + Level 4.6 Spellcasting
 + Level 3.9 Hexes
 + Level 6.2 Summonings
 + Level 2.8 Air Magic


You had 3 spell levels left.
You knew the following spells:

 Your Spells              Type           Power      Damage    Failure   Level
a - Summon Small Mammal   Summ           100%       N/A       1%          1
b - Call Imp              Summ           27%        N/A       1%          2
c - Call Canine Familiar  Summ           27%        N/A       3%          3
d - Summon Guardian Gole  Hex/Summ       23%        N/A       4%          3
e - Summon Lightning Spi  Summ/Air       21%        N/A       21%         4

Your spell library contained the following spells:

 Spells                   Type           Power      Damage    Failure   Level
 Ensorcelled Hibernation  Hex/Ice        22%        N/A       9%          2
 Swiftness                Air            15%        N/A       12%         3
 Passwall                 Tmut/Erth      3%         N/A       21%         2
 Conjure Flame            Conj/Fire      4%         6-21      36%         3
 Gell's Gravitas          Tloc           4%         N/A       36%         3
 Ignite Poison            Fire/Tmut/Pois 4%         N/A       36%         3
 Lesser Beckoning         Tloc           4%         N/A       36%         3
 Teleport Other           Tloc           4%         N/A       36%         3
 Sticky Flame             Conj/Fire      4%         2d3       78%         4


Dungeon Overview and Level Annotations

Branches:
Dungeon (6/15)
 Temple: D:4-7

Altars:
The Shining One

Shops:
D:1 [

Annotations:
D:4 2 transporters, GigaChad's ghost, amateur MiFi
D:6 Duvessa


Innate Abilities, Weirdness & Mutations

You cannot wear most types of armour.
You are amphibious.
You can wear up to eight rings at the same time.
Your skin changes colour to match your surroundings (Stealth+).
Your rubbery body absorbs attacks. (AC +1, EV +1)
((You are camouflaged when in or above water. (Stealth+)))
You have tentacles for arms and can constrict up to eight enemies at once.


Message History

Duvessa hits your guardian golem but does no damage.
Duvessa hits your guardian golem with a +0 short sword of venom!
Flame seeps out of your guardian golem.
Your guardian golem is engulfed in blazing flames.
Your guardian golem disappears in a puff of smoke!
Your guardian golem explodes!
The fiery explosion engulfs Duvessa but does no damage.
You hear a shout! x2
Found a stone staircase leading down.
Duvessa is engulfed in blazing flames.
Duvessa rages.
Casting: Call Canine Familiar (dangerous; 3% risk of failure)
Confirm with . or Enter, or press ? or * to list all spells.
A guardian golem appears, shielding your allies.
Duvessa hits you with a +0 short sword of venom!
You are poisoned.
You feel very sick.
You swap places.
You feel very sick.
Duvessa hits your guardian golem with a +0 short sword of venom! x2
It was a potion of attraction.
You feel attractive to monsters.
* * * LOW HITPOINT WARNING * * *
You feel very sick.
Duvessa hits your guardian golem but does no damage.
You feel much better.
You feel sick.
Duvessa hits your guardian golem with a +0 short sword of venom!
Your guardian golem overheats!
Duvessa hits your guardian golem with a +0 short sword of venom!!
Your guardian golem disappears in a puff of smoke!
Your guardian golem explodes!
The fiery explosion engulfs Duvessa!
The fiery explosion engulfs you!!
Ouch! That really hurt!
* * * LOW HITPOINT WARNING * * *
You hear a shout!
Duvessa is attracted toward you. Duvessa attacks as you move away!
Duvessa hits you with a +0 short sword of venom.
* * * LOW HITPOINT WARNING * * *
You are more poisoned.
You die...

.## ###........# ..
.'........# o#
#........#
.########........#
.o......#..).....#
☼{#####.#........# #o#
#...§§.##### #[#
##...§.§e§##
#.######..☼§###§@#
#.#..........###........
#.#..........# #....>...
#.#..........# #........
#.#..........# #........
#.#........(.# #........
..#...(......# #........
.............# #########
.#...........#


You could see Duvessa (berserk).

Vanquished Creatures
  Prince Ribbit (D:5)
  An ice beast (D:5)
  Dowan (D:6)
  An orc wizard (D:6)
  5 gnolls (D:3)
  An adder (D:3)
  A worm (D:2)
  5 orcs
  A giant cockroach (D:1)
  2 goblins
  5 hobgoblins
  A quokka (D:4)
  2 ball pythons
  3 bats
  A frilled lizard (D:3)
  A kobold (D:4)
  2 rats (D:3)
34 creatures vanquished.

Vanquished Creatures (collateral kills)
  Sigmund (D:3)
  A sky beast (D:5)
  A black bear (D:4)
  An ice beast (D:5)
  A centaur (D:5)
  A bullfrog (D:6)
  2 hounds
  2 jellies
  2 orc priests
  An iguana (D:5)
  An orc wizard (D:4)
  4 gnolls
  5 adders
  A shadow imp (D:5)
  A worm (D:2)
  2 dart slugs
  9 orcs
  7 ball pythons
  5 bats
  3 endoplasms
  3 goblins
  4 hobgoblins
  4 kobolds
  4 quokkas
  4 rats
70 creatures vanquished.

Vanquished Creatures (others)
  An orc warrior (D:6)
  A gnoll bouda (D:6)
  2 gnolls (D:6)
  2 orcs (D:6)
  2 fungi (D:2)
  6 plants (D:4)
14 creatures vanquished.

Grand Total: 118 creatures vanquished

Notes
Turn   | Place    | Note
-------+----------+-------------------------------------------
     0 | D:1      | croobank the Octopode Summoner began the quest for the Orb.
     0 | D:1      | Reached XP level 1. HP: 11/11 MP: 3/3
   139 | D:1      | Reached XP level 2. HP: 17/17 MP: 0/5
   302 | D:1      | Learned a level 2 spell: Call Imp
   684 | D:1      | Reached XP level 3. HP: 21/21 MP: 1/6
   688 | D:1      | Learned a level 3 spell: Call Canine Familiar
   877 | D:1      | Found Wunuwnod's Armour Emporium.
  1639 | D:2      | Found a faded altar of an unknown god.
  1668 | D:2      | Reached XP level 4. HP: 27/27 MP: 7/7
  2222 | D:3      | Noticed Sigmund
  2356 | D:3      | Reached skill level 1 in Fighting
  2356 | D:3      | Reached skill level 1 in Hexes
  2356 | D:3      | Reached XP level 5. HP: 33/33 MP: 1/9
  2591 | D:3      | Learned a level 3 spell: Summon Guardian Golem
  2757 | D:4      | Identified the +0 robe of the Arcane {-Cast rPois rN+++
                  | rCorr}
  2937 | D:3      | Found a glowing golden altar of the Shining One.
  3344 | D:3      | Killed Sigmund
  3345 | D:3      | Reached skill level 5 in Summonings
  3345 | D:3      | Reached XP level 6. HP: 39/39 MP: 0/10
  3947 | D:4      | Found a transporter.
  3962 | D:4      | Identified the +8 spear of Contention {vamp, Dex+4 SInv}
  3962 | D:4      | Identified the +7 scale mail "Qakhlet" {Will+}
  3979 | D:4      | Noticed GigaChad's ghost (amateur MiFi)
  4057 | D:4      | Found a transporter.
  4131 | D:4      | Noticed a black bear
  4137 | D:4      | Killed a black bear
  4138 | D:4      | Reached XP level 7. HP: 45/45 MP: 4/12
  4143 | D:4      | Learned a level 4 spell: Summon Lightning Spire
  4437 | D:5      | Entered Level 5 of the Dungeon
  4461 | D:5      | Noticed Prince Ribbit
  4533 | D:5      | Killed Prince Ribbit
  4534 | D:5      | Reached skill level 1 in Air Magic
  5020 | D:5      | Identified the +0 leather armour of a wizard's laboratory
                  | {Will+}
  5327 | D:5      | Reached XP level 8. HP: 22/52 MP: 3/14
  6358 | D:6      | Reached skill level 6 in Summonings
  6950 | D:6      | Reached skill level 5 in Dodging
  6973 | D:6      | Noticed Duvessa
  6975 | D:6      | Noticed Dowan
  6986 | D:6      | Killed Dowan
  6996 | D:6      | HP: 1/54 [Duvessa/+0 short sword of venom (5)]
  6996 | D:6      | Succumbed to Duvessa's poison

Illustrated notes

Levels and vault maps discovered:
D:1:      reono_arrival_forest_river, layout_loops_ring, serial_shops,
          nicolae_diamond_shop
D:2:      layout_basic, dreamdust_ecumenical_altar_grove,
          hangedman_abyss_or_decor_stabs
D:3:      layout_basic, nicolae_tso_carved_into_rock,
          minmay_goblin_kobold_house, uniq_sigmund
D:4:      layout_loops_ring, gammafunk_ghost_gnarly_gnolls
D:5:      layout_basic, grunt_ministairs_5, uniq_prince_ribbit1
D:6:      layout_basic, nzn_wu_jian_council_hall, lemuel_temple_firewalk_b,
          sigmund_army, uniq_duvessa

Skill      XL: |  1  2  3  4  5  6  7  8 |
---------------+-------------------------+-----
Stealth        | 3 |  3.8
Fighting       | 1 2 3 |  3.9
Dodging        | 3 4 5 |  5.0
Hexes          | 1 2 3 |  3.9
Spellcasting   | 3 4 |  4.6
Summonings     | 5 6 |  6.2
Air Magic      | 1 2 |  2.8

Action                   |  1- 3 |  4- 6 |  7- 9 || total
-------------------------+-------+-------+-------++-------
Melee: Unarmed           |    23 |    30 |       ||    53
       Constrict         |     6 |    13 |     3 ||    22
       Tentacles         |     4 |    12 |     4 ||    20
       War axe           |       |    12 |    24 ||    36
 Cast: Summon Small Mamm |    42 |    32 |    25 ||    99
       Call Imp          |    10 |    14 |    10 ||    34
       Call Canine Famil |     2 |     9 |    22 ||    33
       Summon Guardian G |       |     1 |    18 ||    19
Evoke: Wand              |       |       |     5 ||     5
  Use: Scroll            |       |     9 |     2 ||    11
       Potion            |       |     1 |     3 ||     4
 Stab: Sleeping          |     2 |     3 |       ||     5
Armor: Skin              |     3 |     5 |     3 ||    11
Dodge: Dodged            |    28 |    43 |    45 ||   116
